 Dungeon Crawl Stone Soup version 0.30-a0-765-g3161bf10a1 (webtiles) character file.

Game seed: 15152546103080282628

497 Conn the Sneak (level 7, -4/42 HPs)
             Began as an Octopode Fire Elementalist on Feb 12, 2023.
             Slain by a gnoll
             ... wielding a +0 whip
              (9 damage)
             ... on level 3 of the Dungeon.
             The game lasted 00:07:52 (2620 turns).

Conn the Sneak (Octopode Fire Elementalist)         Turns: 2620, Time: 00:07:52

Health: -4/42      AC:  1    Str:  8    XL:     7   Next: 16%
Magic:  1/12       EV: 13    Int: 19    God:
Gold:   144        SH:  0    Dex: 12    Spells: 7/13 levels left

rFire   . . .      SeeInvis .    n - +10 dark maul {heavy}
rCold   . . .      Faith    .    (shield currently unavailable)
rNeg    . . .      Spirit   .    (helmet restricted)
rPois   .          Reflect  .    (no amulet)
rElec   .          Harm     .    b - ring of wizardry
rCorr   .          Rampage  .    (no ring)
Will    .....                    (no ring)
Stlth   ++++                     (no ring)
HPRegen 0.27/turn                (no ring)
MPRegen 0.13/turn                (no ring)
                                 (no ring)
                                 (no ring)

@: no status effects
A: almost no armour, amphibious, 8 rings, camouflage 1, gelatinous body 1,
(nimble swimmer 1), tentacles
a: no special abilities


You were on level 3 of the Dungeon.
You visited 1 branch of the dungeon, and saw 3 of its levels.

You collected 144 gold pieces.

Inventory:

Hand Weapons
 f - a +0 dagger
 n - the +10 dark maul (weapon) {heavy}
   (You found it on level 2 of the Dungeon)
Jewellery
 b - a ring of wizardry (left tentacle)
 m - a ring of ice
Potions
 a - a potion of magic
 c - 2 potions of curing
 d - a potion of flight {unknown}
 e - 3 potions of brilliance {unknown}
 g - a potion of heal wounds {unknown}
 l - 2 potions of haste {unknown}


   Skills:
 + Level 0.9 Fighting
 + Level 0.4 Short Blades
 * Level 3.2 Maces & Flails
 + Level 2.1 Dodging
 + Level 4.7 Stealth
 + Level 3.8 Spellcasting
 + Level 2.0 Conjurations
 + Level 4.5 Fire Magic


You had 7 spell levels left.
You knew the following spells:

 Your Spells              Type           Power      Damage    Failure   Level
a - Foxfire               Conj/Fire      64%        2x1d7     1%          1
c - Inner Flame           Hex/Fire       12%        N/A       7%          3
e - Scorch                Fire           42%        2d7       1%          2

Your spell library contained the following spells:

 Spells                   Type           Power      Damage    Failure   Level
 Kindle Blastsparks       Fire/Tloc/Air  18%        2d11      9%          3
 Flame Wave               Conj/Fire      16%        2d7       14%         4


Dungeon Overview and Level Annotations

Branches:
Dungeon (3/15)

Altars:


Innate Abilities, Weirdness & Mutations

You cannot wear most types of armour.
You are amphibious.
You can wear up to eight rings at the same time.
Your skin changes colour to match your surroundings (Stealth+).
Your rubbery body absorbs attacks. (AC +1, EV +1)
((You are camouflaged when in or above water. (Stealth+)))
You have tentacles for arms and can constrict up to eight enemies at once.


Message History

You kill the endoplasm!
Really wriggle into that dispersal trap?
The gnoll attacks as you move away! The gnoll hits you with a +0 whip!
* * * LOW HITPOINT WARNING * * *
You enter a dispersal trap!
The gnoll blinks! x3; The kobold blinks!
You blink.
A frilled lizard comes into view.
Okay, then.
You aren't carrying any scrolls.
Okay, then.
The gnoll enters a dispersal trap!
The gnoll blinks!
You blink.
The gnoll blinks!
The gnoll attacks as you move away! The gnoll barely misses you.
The gnoll attacks as you move away! The gnoll hits you but does no damage.
You pound the gnoll like an anvil!!!
You kill the gnoll!
Casting: Foxfire (safe; 1% risk of failure)
Confirm with . or Enter, or press ? or * to list all spells.
Okay, then.
Unknown command.
Casting: Foxfire (safe; 1% risk of failure)
Confirm with . or Enter, or press ? or * to list all spells.
You conjure some foxfire!
The frilled lizard bites you.
The foxfire hits the gnoll.
The gnoll is heavily wounded.
Casting: Foxfire (safe; 1% risk of failure)
Confirm with . or Enter, or press ? or * to list all spells.
You conjure some foxfire!
The foxfire hits the gnoll.
The gnoll is almost dead.
The frilled lizard bites you.
* * * LOW HITPOINT WARNING * * *
You barely miss the gnoll. Your grab misses the gnoll.
The gnoll is almost dead.
The foxfire hits the frilled lizard.
You kill the frilled lizard!
The foxfire hits the gnoll.
The gnoll is almost dead.
The gnoll hits you with a +0 whip!
* * * LOW HITPOINT WARNING * * *
The gnoll hits you with a +0 whip!
You die...

############.......#≈...
#.........#.#......'(...
#..........##...§..#≈).)
#........g##.......#≈...
#.........#.#^.###.#≈≈..
#..............###.##≈..
#........K##......#.#≈§.
#......)g.###..#....##≈≈
#.....§@..# #..#..#.[##≈
######.#### #..##...##
## #... .... #...# ###
..... ...#.#


You could see 2 gnolls and a kobold.

Vanquished Creatures
  Grinder (D:3)
  Sigmund (D:3)
  Jessica (D:2)
  Natasha (twice) (D:3)
  2 gnolls (D:3)
  An adder (D:2)
  5 dart slugs
  3 endoplasms
  A giant cockroach (D:3)
  4 hobgoblins
  4 jackals (D:3)
  4 kobolds
  2 quokkas
  3 ball pythons
  3 bats
  4 frilled lizards
  7 goblins
  2 rats (D:2)
50 creatures vanquished.

Vanquished Creatures (others)
  137 foxfires
137 creatures vanquished.

Grand Total: 187 creatures vanquished

Notes
Turn   | Place    | Note
-------+----------+-------------------------------------------
     0 | D:1      | Conn the Octopode Fire Elementalist began the quest for the
                  | Orb.
     0 | D:1      | Reached XP level 1. HP: 11/11 MP: 3/3
   249 | D:1      | Reached XP level 2. HP: 17/17 MP: 0/5
   715 | D:1      | Found a faded altar of an unknown god.
   789 | D:1      | Reached XP level 3. HP: 21/21 MP: 3/6
  1036 | D:2      | Noticed Jessica
  1044 | D:2      | Killed Jessica
  1052 | D:2      | Learned a level 2 spell: Scorch
  1056 | D:2      | Learned a level 3 spell: Inner Flame
  1337 | D:2      | Found the +10 dark maul {heavy}
  1359 | D:2      | Reached XP level 4. HP: 27/27 MP: 8/8
  2102 | D:3      | Noticed Sigmund
  2182 | D:3      | Killed Sigmund
  2183 | D:3      | Reached XP level 5. HP: 27/32 MP: 2/10
  2183 | D:3      | Reached XP level 6. HP: 32/37 MP: 2/11
  2261 | D:3      | Noticed Grinder
  2270 | D:3      | Noticed Natasha
  2271 | D:3      | Killed Grinder
  2279 | D:3      | Killed Natasha
  2280 | D:3      | Reached XP level 7. HP: 41/42 MP: 1/12
  2492 | D:3      | Noticed Natasha
  2501 | D:3      | Killed Natasha
  2572 | D:3      | Identified the +1 plate armour of Surprise {rElec rPois
                  | Will- Int+3}
  2620 | D:3      | Slain by a gnoll

Illustrated notes

Levels and vault maps discovered:
D:1:      co_arrival_square_in_a_square_in_a_square, layout_loops_cross,
          hellmonk_ecumenical_altar_lost_god
D:2:      kennysheep_six_static_rooms, layout_loops_corners, uniq_jessica
D:3:      layout_rooms, kennysheep_potato, uniq_grinder, uniq_robin,
          uniq_natasha, uniq_sigmund

Skill      XL: |  1  2  3  4  5  6 |
---------------+-------------------+-----
Stealth        | 3 4 |  4.7
Maces & Flails | 2 3 |  3.2
Spellcasting   | 3 |  3.8
Fire Magic     | 4 |  4.5
Conjurations   | 2 |  2.0
Fighting       | |  0.9
Short Blades   | |  0.4
Dodging        | |  2.1

Action                     |  1- 3 |  4- 6 |  7- 9 || total
---------------------------+-------+-------+-------++-------
  Melee: Unarmed           |     2 |       |       ||     2
         Constrict         |     3 |     1 |       ||     4
         Tentacles         |     2 |     1 |     1 ||     4
         Dagger            |    12 |       |       ||    12
         Maul              |     1 |     8 |     9 ||    18
         Punch             |       |       |     1 ||     1
   Cast: Foxfire           |    38 |    25 |    19 ||    82
         Scorch            |       |     6 |     6 ||    12
    Use: Scroll            |       |     7 |       ||     7
   Stab: Sleeping          |     3 |     1 |       ||     4
 Armour: Skin              |       |       |     9 ||     9
  Dodge: Dodged            |     6 |     8 |    27 ||    41

Table legend: (Time is in decaauts)
 A = Elapsed time spent in this place.
 B = Non-inter-level travel time spent in this place.
 C = Inter-level travel time spent in this place.
 D = Time resting spent in this place.
 E = Time spent auto-exploring this place.
 F = Levels seen in this place.
 G = Mean time per level.
                   A        B        C        D        E       F      G
               +--------+--------+--------+--------+--------+-----+--------+
         Total |   2660 |   2623 |     37 |     56 |   2005 |   3 |  886.7 |
       Dungeon |   2660 |   2623 |     37 |     56 |   2005 |   3 |  886.7 |
               +--------+--------+--------+--------+--------+-----+--------+

Top non-repeatable levels by time:
     D:2: 1208 daAuts
     D:1: 980 daAuts
     D:3: 471 daAuts
